 Dungeon Crawl Stone Soup version 0.31.0-11-ge490571c62 (webtiles) character file.

Game seed: 17945664541704707210

432 qw the Shooter (level 6, -1/30 HPs)
             Began as a Spriggan Hunter on Feb 4, 2024.
             Slain by a river rat (9 damage)
             ... in a sewer.
             The game lasted 00:00:13 (2351 turns).

qw the Shooter (Spriggan Hunter)                    Turns: 2351, Time: 00:00:13

Health: -1/30      AC:  2    Str:  7    XL:     6   Next: 67%
Magic:  7/7        EV: 22    Int: 10    God:
Gold:   143        SH:  0    Dex: 21    Spells: 5/5 levels left

rFire   . . .        a - +1 shortbow (chaos)
rCold   . . .        (shield currently unavailable)
rNeg    . . .        c - +0 robe
rPois   .            (helmet restricted)
rElec   .            (no cloak)
rCorr   .            (gloves unavailable)
SInv    +            (boots unavailable)
Will    +....        d - amulet of regeneration
Stlth   ++           (no ring)
HPRegen 1.05/turn    (no ring)
MPRegen 0.10/turn

%: no passive effects
@: very quick
A: very small, no large weapons, unfitting armour, see invisible, speed 3
a: no special abilities


You were in a sewer.
You visited 1 branch of the dungeon, and saw 3 of its levels.
You also visited: Sewer.

You collected 143 gold pieces.


Innate Abilities, Weirdness & Mutations

You are very small and have problems with some larger weapons.
You are too small for most types of armour.
You have supernaturally acute eyesight. (SInv)
You cover ground extremely quickly. (Speed+++)


   Skills:
 - Level 2.0 Fighting
 + Level 6.6 Ranged Weapons
 - Level 6.2 Dodging
 - Level 1.5 Stealth


You had 5 spell levels left.
You didn't know any spells.
Your spell library was empty.

Inventory:

Hand Weapons
 a - a +1 shortbow of chaos (weapon)
Armour
 c - a +0 robe (worn)
Jewellery
 d - an amulet of regeneration (around neck)
Wands
 e - a wand of flame (23)
Potions
 b - a potion of might {unknown}
 f - 2 potions of resistance
 g - a potion of attraction {unknown}
 h - a potion of berserk rage {unknown}
 i - a potion of invisibility {unknown}
 j - a potion of degeneration {unknown}
 k - a potion of enlightenment {unknown}

Dungeon Overview and Level Annotations

Branches:
Dungeon (3/15)              Sewer (1/1)

Altars:
Cheibriados
Hepliaklqana
Makhleb
Trog

Shops:
D:2 (

Annotations:
Sewer exclusion: 3 rats


Message History

The adder bites you but does no damage.
You shoot an arrow. The arrow closely misses the adder.
The arrow closely misses the river rat.
You feel sick. The adder bites you.
You are more poisoned.
The adder poisons you! The adder barely misses you. The adder bites you.
You shoot an arrow. The arrow hits the adder.
The adder evaporates and reforms as a river rat!
The river rat is almost dead.
You feel sick. The adder completely misses you. The adder barely misses you.
You shoot an arrow. The arrow hits the river rat.
You kill the river rat!
You feel sick. The adder bites you.
You shoot an arrow.
The arrow hits the adder but does no damage.
You feel sick. The adder completely misses you. The rat bites you.
The adder misses you.
You shoot an arrow. The arrow misses the adder.
You feel sick. The rat misses you. The adder completely misses you.
You shoot an arrow. The arrow closely misses the adder.
You feel sick. The rat misses you. The adder misses you.
You shoot an arrow.
The arrow hits the river rat but does no damage.
You feel sick.
You are no longer poisoned.
The adder closely misses you. The adder completely misses you.
You shoot an arrow. The arrow hits the river rat!
You feel better.
The river rat is almost dead.
The river rat bites you! The adder misses you.
The frilled lizard hisses.
You shoot an arrow.
The arrow closely misses the river rat. x2
The arrow barely misses the rat.
The adder completely misses you. The river rat barely misses you.
The adder bites you.
You shoot an arrow.
The arrow hits the river rat but does no damage.
The river rat is severely wounded.
The river rat bites you! The adder completely misses you.
The river rat bites you!
You die...

#......~~~~~~..S
#......~~~~~~~..
#%%....~~~~~lr..
##......~~~~~..#
#.....~~~~~r.#
##......~~~..##
####.....~.~~r..#
#\###....l.~~....
#@###......~~r%.%
#Sr#.......~~....
##rrr...r..~~....
##lr......~~~r.r
##.......~~....
#.....~~~~~...
......~~~~~..r
#......~~~~~rS
..#...~~~~~~.


You could see an adder, 3 river rats, a frilled lizard and 2 rats.

Vanquished Creatures
  2 kobold brigands (Sewer)
  A bombardier beetle (D:3)
  An iguana (D:3)
  Natasha (twice) (D:2)
  Robin (D:2)
  7 adders
  4 river rats (Sewer)
  4 dart slugs
  2 ribbon worms (D:3)
  3 orcs (D:3)
  3 endoplasms
  A giant cockroach (D:3)
  8 hobgoblins
  12 kobolds
  2 quokkas
  5 ball pythons
  5 bats
  14 goblins
  6 rats
83 creatures vanquished.

Notes
Turn   | Place    | Note
-------+----------+-------------------------------------------
     0 | D:1      | qw the Spriggan Hunter began the quest for the Orb.
     0 | D:1      | Reached XP level 1. HP: 10/10 MP: 2/2
     0 | D:1      | 0 ||| qw: Version: 0.3-a-160-g6735b56
     0 | D:1      | 0 ||| qw: Game counter: 5082
     0 | D:1      | 0 ||| qw: Melee chars always use a shield: true
     0 | D:1      | 0 ||| qw: God list: Okawaru
     0 | D:1      | 0 ||| qw: Allow faded altars: false
     0 | D:1      | 0 ||| qw: Do Orc after clearing Dungeon:15 true
     0 | D:1      | 0 ||| qw: Do second Lair branch before Depths: true
     0 | D:1      | 0 ||| qw: Lair rune preference: random
     0 | D:1      | 0 ||| qw: Goals: Normal
     0 | D:1      | 0 ||| PLANNING D:1-11
    71 | D:1      | Reached skill level 3 in Dodging
   200 | D:1      | Reached XP level 2. HP: 14/14 MP: 3/3
   618 | D:1      | 618 ||| DROPPING +6 ring of intelligence.
   619 | D:1      | 619 ||| READING scroll labelled QIUCVA TEGOCE.
   619 | D:1      | 619 ||| IDENTIFYING orange potion
   620 | D:1      | 620 ||| READING scroll labelled XUQIN ENYLAL.
   721 | D:1      | 721 ||| READING scroll labelled XEUTEO UTHIH.
   721 | D:1      | 721 ||| ENCHANTING +0 shortbow.
   722 | D:1      | 722 ||| DRINKING 2 clear potions.
   723 | D:1      | 723 ||| DROPPING scroll of butterflies.
   781 | D:2      | 781 ||| RETREEEEATING.
   782 | D:2      | 782 ||| RETREEEEATING.
   783 | D:2      | 783 ||| RETREEEEATING.
   784 | D:2      | 784 ||| RETREEEEATING.
   785 | D:2      | 785 ||| RETREEEEATING.
   786 | D:2      | 786 ||| RETREEEEATING.
   787 | D:2      | 787 ||| RETREEEEATING.
   793 | D:2      | Reached XP level 3. HP: 18/18 MP: 4/4
   795 | D:2      | Noticed Robin
   803 | D:2      | HP: 1/18 [Robin/+0 spear (4)]
   804 | D:2      | 804 ||| DRINKING potion of heal wounds.
   818 | D:2      | Killed Robin
  1071 | D:2      | Found Lempis's Weapon Boutique.
  1079 | D:2      | 1079 ||| SHOPLISTING +1 shortbow of freezing (124 gold,
                  | have 109).
  1093 | D:2      | Reached XP level 4. HP: 18/22 MP: 5/5
  1428 | D:2      | Noticed Natasha
  1430 | D:2      | Killed Natasha
  1647 | D:2      | 1647 ||| UPGRADING to amulet of regeneration.
  1652 | D:2      | 1652 ||| READING scroll labelled QANTEA SOYKHU.
  1675 | D:2      | Noticed Natasha
  1684 | D:2      | Killed Natasha
  1700 | D:3      | 1700 ||| PLANNING SEWER
  1713 | D:3      | Reached XP level 5. HP: 26/26 MP: 6/6
  1727 | D:3      | Found a hazy altar of Hepliaklqana.
  1745 | D:3      | Found a bloodstained altar of Trog.
  1752 | D:3      | Found a snail-covered altar of Cheibriados.
  1752 | D:3      | Found a burning altar of Makhleb.
  1788 | D:3      | 1788 ||| READING scroll labelled JUVI NOCZYRIT.
  1788 | D:3      | 1788 ||| BRANDING +1 shortbow.
  2099 | D:3      | 2099 ||| FLEEEEING.
  2100 | D:3      | 2100 ||| FLEEEEING.
  2101 | D:3      | 2101 ||| FLEEEEING.
  2102 | D:3      | 2102 ||| FLEEEEING.
  2103 | D:3      | 2103 ||| FLEEEEING.
  2104 | D:3      | 2104 ||| FLEEEEING.
  2105 | D:3      | 2105 ||| FLEEEEING.
  2106 | D:3      | 2106 ||| FLEEEEING.
  2201 | D:3      | Reached skill level 6 in Ranged Weapons
  2222 | D:3      | Found a glowing drain.
  2224 | D:3      | 2224 ||| READING scroll labelled XUNUOPP LEODD.
  2224 | D:3      | 2224 ||| ENCHANTING +1 shortbow of chaos.
  2230 | Sewer    | Entered a sewer
  2244 | Sewer    | Reached XP level 6. HP: 30/30 MP: 7/7
  2270 | Sewer    | Reached skill level 6 in Dodging
  2332 | Sewer    | 2332 ||| RETREEEEATING.
  2334 | Sewer    | 2334 ||| RETREEEEATING.
  2335 | Sewer    | 2335 ||| RETREEEEATING.
  2341 | Sewer    | 2341 ||| RETREEEEATING.
  2351 | Sewer    | Slain by a river rat

Levels and vault maps discovered:
D:1:      eino_arrival_cavern_e, layout_basic, minmay_ruptured
D:2:      layout_basic, serial_shops, shop, uniq_natasha, uniq_robin
D:3:      layout_rooms, mainiacjoe_overflow_large_starburst,
          chequers_temple_overflow_statue_of_worship, gup_sewer_entry_bubbles,
          kennysheep_path_1, grunt_ministairs_8, minivault_4, chequers_jeans
Sewer:    sewer_minmay_treatment

Skill      XL: |  1  2  3  4  5  6 |
---------------+-------------------+-----
Dodging        | 3 4 5 6 |  6.2
Ranged Weapons | 5 6 |  6.6
Fighting       | 2 |  2.0
Stealth        | |  1.5

Action                     |  1- 3 |  4- 6 || total
---------------------------+-------+-------++-------
   Fire: Shortbow          |   102 |   146 ||   248
    Use: Scroll            |     3 |     3 ||     6
         Potion            |     2 |       ||     2
 Armour: Robe              |    20 |    24 ||    44
  Dodge: Dodged            |    44 |    71 ||   115

Table legend:
 A = Non-vault XP
 B = Vault XP
 C = Vault XP percentage of total XP
 D = Non-vault monster count
 E = Vault monster count
 F = Vault count percentage of total count
                 A         B        C        D         E       F
            +---------+---------+-------+---------+---------+-------
      Total |     244 |     374 |  60.5 |      46 |      37 |  44.6
            +---------+---------+-------+---------+---------+-------
        D:1 |      25 |       7 |  21.9 |      13 |       4 |  23.5
        D:2 |      92 |      69 |  42.9 |      15 |      12 |  44.4
        D:3 |     127 |      36 |  22.1 |      18 |       7 |  28.0
      Sewer |       0 |     262 | 100.0 |       0 |      14 | 100.0
            +---------+---------+-------+---------+---------+-------
